 Dungeon Crawl Stone Soup version 0.25-a0-1104-g1bb6b8da34 (webtiles) character file.

Game seed: 5370872558061635908, levelgen mode: deterministic

7660 Quirk the Shield-Bearer (level 11, -4/58 HPs)
             Began as a Vine Stalker Fighter on May 16, 2020.
             Was a Believer of Ashenzari.
             Slain by a flying skull (6 damage)
             ... on level 1 of the Abyss.
             The game lasted 00:18:40 (9092 turns).

Quirk the Shield-Bearer (Vine Stalker Fighter)      Turns: 9092, Time: 00:18:41

Health: -4/58      AC: 11    Str: 21 (23) XL:     11   Next: 18%
Magic:  0/12       EV: 11    Int:  9 (10) God:    Ashenzari [**....]
Gold:   401        SH: 11    Dex: 11      Spells: 6/10 levels left

rFire    . . .     SeeInvis .   p - +7 scimitar "Moettung" {flame, Str+4} (curse)
rCold    + . .     Gourm    .   c - +0 kite shield
rNeg     . . .     Faith    .   F - +1 scale mail {rC+}
rPois    .         Spirit   +   i - +1 hat
rElec    .         Reflect  .   a - +2 cloak
rCorr    .         Harm     .   (no gloves)
MR       ++...     Rnd*Tele +   I - +0 pair of boots
Stlth    ..........             K - amulet of regeneration
HPRegen  0.99/turn              z - ring of protection from magic
MPRegen  0.13/turn              (no ring)

@: brilliant
A: fangs 3, [blurry vision 3], [clumsy 2], [deformed body], [deterioration 2],
regeneration 1, [teleportitis 2], magic shield, antimagic bite, no potion heal
3, rot immunity, [subdued magic 3]
a: Curse Item, Scrying, Renounce Religion


You were on level 1 of the Abyss.
You worshipped Ashenzari.
Ashenzari was pleased with you.
You were not hungry.

You visited 1 branch of the dungeon, and saw 10 of its levels.
You visited the Abyss 1 time.

You collected 561 gold pieces.
You spent 160 gold pieces at shops.

Inventory:

Hand Weapons
 n - a +1 morningstar of flaming
 p - the cursed +7 scimitar "Moettung" (weapon) {flame, Str+4}
   (You acquired it on level 9 of the Dungeon)

   It has been specially enchanted to burn those struck by it, causing extra
   injury to most foes and up to half again as much damage against particularly
   susceptible opponents.
   Big, fiery blades are also staple armaments of hydra-hunters.
   It affects your strength (+4).
   It has a curse placed upon it.
 t - a +2 dagger of protection
 G - a +2 dagger of venom
 L - a +3 vorpal trident
Missiles
 j - 18 poisoned darts (quivered)
 D - 6 boomerangs
 S - 4 silver boomerangs
Armour
 a - a +2 cloak (worn)
 c - a +0 kite shield (worn)
 i - a +1 hat (worn)
 F - a +1 scale mail of cold resistance (worn)
 H - cursed +1 steam dragon scales
 I - a +0 pair of boots (worn)
 Y - a +0 ring mail of poison resistance
Magical Staves
 o - an uncursed staff of wizardry
 V - an uncursed staff of death
Jewellery
 z - a ring of protection from magic (left hand)
 K - an amulet of regeneration (around neck)
Wands
 v - a wand of flame (18)
 P - a wand of iceblast (14)
 Q - a wand of enslavement (9)
 U - a wand of polymorph (9)
Scrolls
 b - 2 scrolls of fear
 e - 6 scrolls of teleportation
 k - 7 scrolls of identify
 l - 6 scrolls of remove curse
 r - a scroll of immolation
 u - a scroll of fog
 A - a scroll of acquirement
 O - 2 scrolls of magic mapping {unknown}
 R - 3 scrolls of enchant weapon {unknown}
 X - 2 scrolls of amnesia {unknown}
 Z - a scroll of vulnerability {unknown}
Potions
 d - a potion of haste
 g - 5 potions of curing
 h - 4 potions of brilliance
 m - 2 potions of degeneration
 q - 2 potions of invisibility
 w - 2 potions of flight
 C - 2 potions of heal wounds {unknown}
 E - 2 potions of ambrosia
 J - a potion of resistance {unknown}
 M - a potion of berserk rage {unknown}
 N - a potion of stabbing {unknown}
 T - a potion of might
 W - a potion of cancellation
Comestibles
 f - 18 rations


   Skills:
 + Level 7.5 Fighting
 + Level 7.1(9.5) Long Blades
 + Level 6.9 Armour
 + Level 6.3 Dodging
 + Level 7.5 Shields


You had 6 spell levels left.
You knew the following spells:

 Your Spells              Type           Power        Failure   Level  Hunger
a - Apportation           Tloc           #.....       90%         1    None
b - Animate Skeleton      Necr           N/A          90%         1    None
c - Corona                Hex            #......      90%         1    None
d - Summon Small Mammal   Summ           #...         90%         1    None

Your spell library contained the following spells:

 Spells                   Type           Power        Failure   Level  Hunger
 Magic Dart               Conj           #...         90%         1    None
 Blink                    Tloc           N/A          97%         2    None
 Call Imp                 Summ           #.......     97%         2    None
 Ensorcelled Hibernation  Hex/Ice        #.....       97%         2    None
 Searing Ray              Conj           #.....       97%         2    None
 Slow                     Hex            #.......     97%         2    None
 Conjure Flame            Conj/Fire      #.......     100%        3    None
 Dazzling Flash           Conj/Hex       #.....       100%        3    None
 Mephitic Cloud           Conj/Pois/Air  #.......     100%        3    None
 Fulminant Prism          Conj/Hex       #.........   100%        4    None
 Iskenderun's Mystic Bla  Conj/Tloc      #.......     100%        4    None
 Borgnjor's Vile Clutch   Necr/Erth      #.........   100%        5    None
 Silence                  Hex/Air        #.........   100%        5    None
 Darkness                 Hex            #.........   100%        6    None
 Shadow Creatures         Summ           N/A          100%        6    None


Dungeon Overview and Level Annotations

Branches:
Dungeon (10/15)            Temple (0/1) D:7
   Lair: D:8-11         Orc: D:9-12

Altars:
Ashenzari
Dithmenos
Elyvilon
Fedhas
Gozag
Hepliaklqana
Okawaru
Ru
Sif Muna
Trog
Xom
Yredelemnul

Shops:
D:5 *   D:6 *   D:9 :

Annotations:
D:8 2 runed translucent doors
D:10 Psyche


Innate Abilities, Weirdness & Mutations

You have razor-sharp teeth.
Your natural rate of healing is unusually fast.
When hurt, damage is shared between your health and your magic reserves.
Your bite disrupts and absorbs the magic of your enemies.
Potions cannot restore your health.
You are immune to rotting.
[Scrolls take you much longer to read.]
[You are very clumsy. (Dex -4)]
[Armour fits poorly on your strangely shaped body.]
[Your body often deteriorates upon taking damage.]
[You are sometimes teleported next to monsters.]
[Your spells are much easier to cast, but much less powerful.]


Message History

Your body deteriorates!
You feel weakened.
You hit the flying skull. You burn the flying skull.
The flying skull is moderately damaged.
The flying skull hits you!
* * * LOW HITPOINT WARNING * * *
You slice the flying skull!! You burn the flying skull.
You destroy the flying skull!
You block the flying skull's attack.
Press: ? - help, v - describe, . - travel The floor, spattered with blood.
You hit the flying skull but do no damage.
Your bite misses the flying skull. The flying skull hits you.
* * * LOW HITPOINT WARNING * * *
You barely miss the flying skull. You block the flying skull's attack.
The flying skull hits you!
* * * LOW HITPOINT WARNING * * *
Your body deteriorates!
You feel dopey.
You feel clever all of a sudden. The flying skull hits you!
You die... , zz....,

...## .#.
##...ยง.#. #
........ .#...
.# #
,.#..###..##
#*...# .... .
... *,. #..
##...#..#. #, ,
* . #. #..#.. *
. . ... ,
....#.##z# # # .
# *
#....@##....#..#
# , ...####....#
..## ,
#.#.#.##..#. * ,
.#...# #.. ..# ,
#..,## # . #. .
, * , **, ###*
.. # . # , ,
,#,. . .# . * .
. . , , ,#[.
*,,, .


You could see a flying skull.

Vanquished Creatures
  Joseph (D:9)
  Maggie (D:6)
  Grinder (D:4)
  Prince Ribbit (D:6)
  A slime creature (D:8)
  Sigmund (D:2)
  5 flying skulls (Abyss:1)
  A spriggan (D:7)
  2 hungry ghosts
  Menkaure (D:7)
  Duvessa (D:6)
  A water moccasin (D:9)
  An ice beast (D:6)
  An orc warrior (D:9)
  4 sky beasts
  A black bear (D:9)
  11 ogres
  A necrophage (D:9)
  A phantom (D:9)
  A centaur (D:8)
  Blork the orc (D:4)
  3 big kobolds
  10 bullfrogs
  Dowan (D:6)
  A scorpion (D:8)
  5 wights (D:9)
  3 howler monkeys
  A bullfrog zombie (D:9)
  6 crimson imps
  A quasit (D:7)
  5 bullfrog skeletons
  2 hounds
  4 orc priests
  2 jellies (D:9)
  9 iguanas
  11 orc wizards
  5 worker ants
  2 hound zombies
  A howler monkey zombie (D:6)
  11 adders
  A howler monkey skeleton (D:7)
  An ooze (D:2)
  An adder skeleton (D:8)
  3 worms
  4 dart slugs
  6 leopard geckos
  45 orcs
  7 bats
  7 giant cockroaches
  4 goblins (D:3)
  8 hobgoblins
  15 jackals
  22 kobolds
  5 quokkas
  5 ball pythons
  A ball python skeleton (D:4)
  5 frilled lizards
  A jackal skeleton (D:8)
  2 leopard gecko skeletons (D:4)
  A leopard gecko zombie (D:9)
  8 rats
  A starspawn tentacle (Abyss:1)
275 creatures vanquished.

Vanquished Creatures (others)
  3 starspawn tentacles (Abyss:1)
3 creatures vanquished.

Grand Total: 278 creatures vanquished

Notes
Turn   | Place    | Note
-------+----------+-------------------------------------------
     0 | D:1      | Quirk the Vine Stalker Fighter began the quest for the Orb.
     0 | D:1      | Reached XP level 1. HP: 11/11 MP: 2/2
   432 | D:1      | Reached XP level 2. HP: 16/16 MP: 3/3
   775 | D:1      | Reached XP level 3. HP: 19/19 MP: 4/4
  1226 | D:2      | Noticed Sigmund
  1268 | D:2      | Killed Sigmund
  1268 | D:2      | Reached skill level 1 in Dodging
  1268 | D:2      | Gained mutation: Your natural rate of healing is unusually
                  | fast. [Vine Stalker growth]
  1268 | D:2      | Reached XP level 4. HP: 19/24 MP: 5/5
  1268 | D:2      | Reached XP level 5. HP: 22/28 MP: 6/6
  1349 | D:2      | Learned a level 1 spell: Apportation
  1351 | D:2      | Learned a level 1 spell: Animate Skeleton
  1353 | D:2      | Learned a level 1 spell: Corona
  1355 | D:2      | Learned a level 1 spell: Summon Small Mammal
  1550 | D:2      | Reached XP level 6. HP: 32/32 MP: 7/7
  1752 | D:2      | Found a shattered altar of Ashenzari.
  1932 | D:2      | Became a worshipper of Ashenzari the Shackled
  2758 | D:3      | Found a blossoming altar of Fedhas.
  3199 | D:4      | Noticed Grinder
  3216 | D:4      | Killed Grinder
  3216 | D:4      | Reached XP level 7. HP: 15/37 MP: 5/8
  3481 | D:4      | Reached * piety under Ashenzari
  3487 | D:4      | Found a basalt altar of Yredelemnul.
  3521 | D:4      | Found a shimmering altar of Xom.
  3521 | D:4      | Found an iron altar of Okawaru.
  3521 | D:4      | Found a bloodstained altar of Trog.
  3521 | D:4      | Found a shattered altar of Ashenzari.
  3521 | D:4      | Found a white marble altar of Elyvilon.
  3523 | D:4      | Found a shadowy altar of Dithmenos.
  3523 | D:4      | Found a sacrificial altar of Ru.
  3524 | D:4      | Found a hazy altar of Hepliaklqana.
  3782 | D:4      | Noticed Blork the orc
  3790 | D:4      | Killed Blork the orc
  3885 | D:4      | Gained mutation: You have razor-sharp teeth. [Vine Stalker
                  | growth]
  3885 | D:4      | Reached XP level 8. HP: 34/42 MP: 9/9
  3989 | D:5      | Entered Level 5 of the Dungeon
  4469 | D:5      | Found Hof Isit's Assorted Antiques.
  4477 | D:5      | Bought a runed scale mail for 140 gold pieces
  4477 | D:5      | Bought a scroll labeled TEDIJUABBON for 20 gold pieces
  4639 | D:5      | Reached skill level 5 in Shields
  4791 | D:5      | Reached skill level 5 in Fighting
  5105 | D:6      | Noticed Maggie
  5138 | D:6      | Killed Maggie
  5138 | D:6      | Reached XP level 9. HP: 6/47 MP: 4/10
  5246 | D:6      | Reached skill level 5 in Long Blades
  5246 | D:6      | Reached skill level 5 in Armour
  5317 | D:6      | Noticed Prince Ribbit
  5329 | D:6      | Killed Prince Ribbit
  5476 | D:6      | Found Gozag's Platinum Reserve.
  5477 | D:6      | Found an opulent altar of Gozag.
  5628 | D:6      | Noticed Duvessa
  5628 | D:6      | Noticed Dowan
  5735 | D:6      | Killed Duvessa
  5745 | D:6      | Killed Dowan
  6068 | D:7      | Noticed Menkaure
  6074 | D:7      | Killed Menkaure
  6222 | D:7      | Found a staircase to the Ecumenical Temple.
  6659 | D:7      | Reached ** piety under Ashenzari
  6942 | D:7      | Reached skill level 5 in Dodging
  6942 | D:7      | Reached XP level 10. HP: 52/53 MP: 11/11
  7265 | D:8      | Found a large runed translucent door.
  7265 | D:8      | Found a large runed translucent door.
  7279 | D:8      | Found a large runed translucent door.
  7279 | D:8      | Found a large runed translucent door.
  7515 | D:8      | Found a shimmering blue altar of Sif Muna.
  8331 | D:9      | Noticed Joseph
  8343 | D:9      | Killed Joseph
  8401 | D:9      | Found Yraoxteo's Book Shop.
  8560 | D:9      | Reached XP level 11. HP: 52/58 MP: 9/12
  8655 | D:9      | Identified 2 scrolls of acquirement
  8656 | D:9      | Got the cursed +7 scimitar "Moettung" {flame, Str+4}
  8956 | D:10     | Entered Level 10 of the Dungeon
  8980 | D:10     | Noticed Psyche
  8983 | D:10     | Cast into level 1 of the Abyss (Psyche)
  9026 | Abyss:1  | Noticed a bone dragon
  9028 | Abyss:1  | Noticed a tentacled starspawn
  9028 | Abyss:1  | Noticed a wretched star
  9091 | Abyss:1  | HP: 1/58 [flying skull (8)]
  9092 | Abyss:1  | Slain by a flying skull

Illustrated notes

Levels and vault maps discovered:
D:1:      wheals_arrival_linesprint, layout_rooms, kennysheep_nondescript,
          wad_floor_pattern_untrapped
D:2:      layout_basic, first_ration, ashenzari_altar_1, uniq_sigmund
D:3:      minmay_octagon_keep, layout_basic, lemuel_crystal_altar, st_stairs_10
D:4:      layout_loops_ring, overflow_temple_1_default,
          grunt_temple_overflow_open, kennysheep_generic_room_9,
          uniq_blork_the_orc, uniq_grinder
D:5:      layout_loops_corners, serial_shops, nicolae_shop_crystal
D:6:      layout_gridville, nicolae_gozag_zags_fifth_avenue, uniq_duvessa,
          uniq_prince_ribbit1, uniq_maggie
D:7:      layout_loops_corners, minmay_temple_entry_glassed_door, the_bakery,
          uniq_menkaure
D:8:      layout_loops_corners, basic_altar, hangedman_decor_push,
          abandoned_shop, kennysheep_nub, minmay_hollow_rounded_squares
D:9:      layout_rooms, serial_shops, kennysheep_mini_moat,
          eino_small_chamber_without_monster, hex_tiny, uniq_joseph
D:10:     minmay_klotski, layout_loops_ring, uniq_psyche
Abyss:1:  base: D:1, minivault_1, minivault_1

Skill      XL: |  1  2  3  4  5  6  7  8  9 10 11 |
---------------+----------------------------------+-----
Long Blades    | 2 3 4 5 6 7 |  7.1
Shields        | 3 4 5 6 7 |  7.5
Fighting       | 3 4 5 6 7 |  7.5
Armour         | 3 4 5 6 |  6.9
Dodging        | 1 2 4 5 6 |  6.3

Action                   |  1- 3 |  4- 6 |  7- 9 | 10-12 || total
-------------------------+-------+-------+-------+-------++-------
Melee: Long sword        |    89 |   183 |   429 |   328 ||  1029
       Bite              |    32 |    60 |   142 |   139 ||   373
       Scimitar          |       |       |       |    48 ||    48
Evoke: Wand              |       |       |     8 |       ||     8
  Use: Potion            |     1 |       |     7 |     1 ||     9
       Scroll            |       |       |       |     9 ||     9
 Stab: Invisible         |       |       |     1 |       ||     1
  Eat: Chunk             |     1 |     7 |    12 |    13 ||    33
Armor: Scale mail        |    47 |    83 |   174 |   115 ||   419
Dodge: Dodged            |    44 |    88 |   138 |   133 ||   403
Block: Kite shield       |    69 |   123 |   227 |   173 ||   592
       Rpst.: Long sword |    14 |    24 |    39 |    42 ||   119
       Scimitar          |       |       |       |     7 ||     7

Table legend:
 A = Non-vault XP
 B = Vault XP
 C = Vault XP percentage of total XP
 D = Non-vault monster count
 E = Vault monster count
 F = Vault count percentage of total count
                 A         B        C        D         E       F
            +---------+---------+-------+---------+---------+-------
      Total |    7538 |    3406 |  31.1 |     237 |      37 |  13.5
            +---------+---------+-------+---------+---------+-------
        D:1 |      56 |       0 |   0.0 |      29 |       0 |   0.0
        D:2 |      73 |     241 |  76.8 |      21 |       3 |  12.5
        D:3 |     154 |      40 |  20.6 |      25 |      12 |  32.4
        D:4 |     253 |     384 |  60.3 |      19 |       3 |  13.6
        D:5 |     823 |       0 |   0.0 |      26 |       0 |   0.0
        D:6 |     628 |     876 |  58.2 |      22 |       4 |  15.4
        D:7 |     777 |     380 |  32.8 |      25 |       2 |   7.4
        D:8 |    1307 |    1046 |  44.5 |      24 |      12 |  33.3
        D:9 |    2304 |     439 |  16.0 |      41 |       1 |   2.4
    Abyss:1 |    1163 |       0 |   0.0 |       5 |       0 |   0.0
            +---------+---------+-------+---------+---------+-------
